 Dungeon Crawl Stone Soup version 0.30.0-29-ga12c61a403 (webtiles) character file.

Game seed: 1496588297508364455

35 croobank the Firebug (level 3, -7/26 HPs)
             Began as a Draconian Fire Elementalist on June 7, 2023.
             Was a Follower of Zin.
             Mangled by Crazy Yiuf
             ... wielding a +3 quarterstaff of chaos
              (12 damage)
             ... on level 2 of the Dungeon.
             The game lasted 00:06:28 (2081 turns).

croobank the Firebug (Draconian Fire Elementalist)  Turns: 2081, Time: 00:06:29

Health: -7/26      AC:  6    Str: 10    XL:     3   Next: 16%
Magic:  2/6        EV: 17    Int: 17    God:    Zin [*.....]
Gold:   32         SH:  0    Dex: 11    Spells: 3/6 levels left

rFire   . . .        c - +0 dagger
rCold   . . .        (no shield)
rNeg    . . .        (body armour unavailable)
rPois   .            (helmet restricted)
rElec   .            l - +0 cloak
rCorr   .            (no gloves)
SInv    .            (no boots)
Will    .....        (no amulet)
Stlth   ++           (no ring)
HPRegen 0.24/turn    (no ring)
MPRegen 0.10/turn

%: no passive effects
@: agile, on recite cooldown
A: AC +5, unfitting armour, cold-blooded
a: Renounce Religion, Recite, Donate Gold


You were on level 2 of the Dungeon.
You worshipped Zin.
Zin was aware of your devotion.
You visited 1 branch of the dungeon, and saw 3 of its levels.

You collected 35 gold pieces.
You donated 3 gold pieces to Zin.

Inventory:

Hand Weapons
 b - a +0 sling
 c - a +0 dagger (weapon)
Armour
 l - a +0 cloak (worn)
Scrolls
 d - a scroll of vulnerability {unknown}
 e - a scroll of enchant weapon {unknown}
 f - a scroll of amnesia {unknown}
 g - 3 scrolls of identify {unknown}
 h - a scroll of blinking {unknown}
 m - a scroll of poison {unknown}
Potions
 a - a potion of curing {unknown}
 i - a potion of flight {unknown}
 j - 2 potions of haste {unknown}
 k - 2 potions of degeneration {unknown}
 n - a potion of heal wounds {unknown}


   Skills:
 + Level 2.1 Dodging
 + Level 2.2 Stealth
 + Level 2.3 Spellcasting
 + Level 1.5 Conjurations
 + Level 3.3 Fire Magic


You had 3 spell levels left.
You knew the following spells:

 Your Spells              Type           Power      Damage    Failure   Level
a - Foxfire               Conj/Fire      40%        2x1d6     7%          1
b - Scorch                Fire           26%        2d6       8%          2

Your spell library contained the following spells:

 Spells                   Type           Power      Damage    Failure   Level
 Inner Flame              Hex/Fire       7%         N/A       28%         3
 Volatile Blastmotes      Fire/Tloc      14%        2d11      28%         3
 Flame Wave               Conj/Fire      10%        2d6       56%         4


Dungeon Overview and Level Annotations

Branches:
Dungeon (3/15)

Altars:
Zin

Annotations:
D:2 Crazy Yiuf


Innate Abilities, Weirdness & Mutations

Your plain brown scales are hard. (AC +5)
You cannot fit into any form of body armour.
You are cold-blooded and may be slowed by cold attacks.


Message History

Anything else - Cancel.
Gang up on whom?
Press: ? - help, Dir - move target, f - you
Okay, then.
What are your orders? t - Shout!
Orders for allies: a - Attack new target. r - Retreat! s - Stop attacking. g - Guard the area. f - Follow me.
Anything else - Cancel.
Gang up on whom?
Press: ? - help, Dir - move target, f - Crazy Yiuf
Aim: Crazy Yiuf, wielding a +3 quarterstaff of chaos and wearing a +1 cloak of preservation (fire blocked by a runed translucent door)
Okay, then.
You open the door.
Activating: Recite (10% risk of failure)
Press: ? - help, Dir - look around, f - activate You clear your throat and prepare to recite. "It is just that the servants of Hell shall be condemned..."
Crazy Yiuf hits you with a +3 quarterstaff of chaos.
You feel agile all of a sudden.
Casting: Scorch (safe; 8% risk of failure)
Confirm with . or Enter, or press ? or * to list all spells.
Flames lash Crazy Yiuf.
Crazy Yiuf is moderately wounded.
Crazy Yiuf's fire resistance burns away. "...in due time, for obedience is what Zin has declared..."
Crazy Yiuf hits you with a +3 quarterstaff of chaos!
Crazy Yiuf freezes you.
Casting: Scorch (safe; 8% risk of failure)
Confirm with . or Enter, or press ? or * to list all spells.
Flames lash Crazy Yiuf.
Crazy Yiuf is moderately wounded. "...the law of the land, and Zin's word is law!"
You finish reciting Anathema 12:62.
Crazy Yiuf says, "Cake!"
Crazy Yiuf hits you with a +3 quarterstaff of chaos.
* * * LOW HITPOINT WARNING * * *
You are electrocuted!
You die...

#......#..#
#.<.....#.##.#....
#......#..#
#.......#.##.#.###
#......#..#
#.......#.# ......
#......####
#########.##......
#......# #.##......
#......# #.#......(
#......##♣♣ ###
#.##......
#......).)♣♣ ♣♣#..)#
#.##.#.###
............♣♣♣♣@g...#
#.##.#.###
........)....♣..♣#...#
#.##.#....
........))..♣.♣♣♣ ###
#.##.#...#
........##♣♣♣♣♣
#.##.#.).# ........#
#.##.#...# ........#
#......... .......
####.#..># ###.#
#.#...# #.#...#


You could see Crazy Yiuf (combustible).

Vanquished Creatures
  2 worms (D:2)
  A dart slug (D:1)
  2 endoplasms (D:1)
  A giant cockroach (D:1)
  5 goblins
  A hobgoblin (D:1)
  3 quokkas (D:1)
  A ball python (D:1)
  3 bats
  3 kobolds
  2 rats
24 creatures vanquished.

Vanquished Creatures (others)
  57 foxfires
57 creatures vanquished.

Grand Total: 81 creatures vanquished

Notes
Turn   | Place    | Note
-------+----------+-------------------------------------------
     0 | D:1      | croobank the Draconian Fire Elementalist began the quest
                  | for the Orb.
     0 | D:1      | Reached XP level 1. HP: 14/14 MP: 3/3
   163 | D:1      | Found a faded altar of an unknown god.
   167 | D:1      | Prayed at the altar of an unknown god.
   167 | D:1      | Became a worshipper of Zin the Law-Giver
   167 | D:1      | Reached * piety under Zin
   268 | D:1      | Reached XP level 2. HP: 20/20 MP: 3/5
   292 | D:1      | Learned a level 2 spell: Scorch
  1147 | D:2      | HP: 1/20 [worm (6)]
  1359 | D:2      | Reached XP level 3. HP: 7/26 MP: 1/6
  1456 | D:2      | You fall into a shaft and drop 1 floor!
  2074 | D:2      | Found a runed translucent door.
  2075 | D:2      | Noticed Crazy Yiuf
  2081 | D:2      | Mangled by Crazy Yiuf

Illustrated notes

Levels and vault maps discovered:
D:1:      dpeg_arrival_oval, layout_basic, basic_ecumenical_altar
D:2:      layout_basic, uniq_crazy_yiuf_cottage
D:3:      layout_loops_ring, tgw_xom, reono_crystal_passage

Skill      XL: |  1  2 |
---------------+-------+-----
Stealth        | 2 |  2.2
Dodging        | 2 |  2.1
Spellcasting   | |  2.3
Conjurations   | |  1.5
Fire Magic     | |  3.3

Action                     || total
---------------------------++-------
  Melee: Dagger            ||    31
         Tailslap          ||     6
   Cast: Foxfire           ||    33
         Scorch            ||    12
 Invoke: Recite            ||     2
    Use: Potion            ||     1
   Stab: Sleeping          ||     2
 Armour: Skin              ||     7
  Dodge: Dodged            ||    16
